 Dungeon Crawl Stone Soup version 0.30.1-3-gfc49f6343a (webtiles) character file.

Game seed: 11840369595208657436

122 javelincjr the Caller (level 5, 0/31 HPs)
             Began as an Octopode Summoner on Aug 8, 2023.
             Slain by Edmund
             ... wielding a +2 flail of holy wrath
              (10 damage)
             ... on level 4 of the Dungeon.
             The game lasted 00:09:22 (3032 turns).

javelincjr the Caller (Octopode Summoner)           Turns: 3032, Time: 00:09:23

Health: 0/31       AC:  1    Str: 13    XL:     5   Next: 6%
Magic:  9/9        EV: 13    Int: 20    God:
Gold:   106        SH:  6    Dex: 12    Spells: 6/9 levels left

rFire   . . .        e - +0 spear
rCold   . . .        d - +2 buckler
rNeg    . . .        (helmet restricted)
rPois   .            l - amulet of magic regeneration
rElec   .            h - +6 ring of strength
rCorr   .            v - +4 ring of slaying
SInv    .            (no ring)
Will    .....        (no ring)
Stlth   +++          (no ring)
HPRegen 0.25/turn    (no ring)
MPRegen 0.51/turn    (no ring)
                     (no ring)

%: no passive effects
@: no status effects
A: almost no armour, amphibious, 8 rings, camouflage 1, gelatinous body 1,
(nimble swimmer 1), tentacles
a: no special abilities


You were on level 4 of the Dungeon.
You visited 1 branch of the dungeon, and saw 4 of its levels.

You collected 106 gold pieces.

Inventory:

Hand Weapons
 e - a +0 spear (weapon)
 t - a +2 dagger of draining
Missiles
 p - 6 poisoned darts
Armour
 d - a +2 buckler (worn)
Jewellery
 h - a +6 ring of strength (left tentacle)
 l - an amulet of magic regeneration (around mantle)
 v - a +4 ring of slaying (right tentacle)
Scrolls
 c - 2 scrolls of teleportation {unknown}
 f - 2 scrolls of amnesia {unknown}
 i - a scroll of fog {unknown}
 m - 2 scrolls of enchant weapon {unknown}
 n - a scroll of noise {unknown}
 o - 3 scrolls of acquirement {unknown}
 s - 6 scrolls of identify {unknown}
 w - a scroll of blinking {unknown}
Potions
 a - a potion of magic
 b - a potion of lignification {unknown}
 g - a potion of flight {unknown}
 j - a potion of haste {unknown}
 k - 2 potions of might {unknown}
 q - a potion of curing {unknown}
 r - a potion of attraction {unknown}
 u - a potion of invisibility {unknown}


   Skills:
 + Level 2.8 Dodging
 + Level 4.0 Stealth
 + Level 1.4 Shields
 + Level 2.7 Spellcasting
 + Level 4.5 Summonings


You had 6 spell levels left.
You knew the following spells:

 Your Spells              Type           Power      Damage    Failure   Level
a - Summon Small Mammal   Summ           80%        N/A       3%          1
b - Call Imp              Summ           40%        N/A       4%          2

Your spell library contained the following spells:

 Spells                   Type           Power      Damage    Failure   Level
 Call Canine Familiar     Summ           20%        N/A       10%         3
 Apportation              Tloc           4%         N/A       21%         1
 Summon Guardian Golem    Hex/Summ       11%        N/A       24%         3
 Summon Lightning Spire   Summ/Air       11%        N/A       61%         4
 Alistair's Intoxication  Tmut/Pois      1%         N/A       99%         5


Dungeon Overview and Level Annotations

Branches:
Dungeon (4/15)
 Temple: D:4-7

Altars:
Makhleb
Wu Jian
Xom

Annotations:
D:4 Edmund


Innate Abilities, Weirdness & Mutations

You cannot wear most types of armour.
You are amphibious.
You can wear up to eight rings at the same time.
Your skin changes colour to match your surroundings (Stealth+).
Your rubbery body absorbs attacks. (AC +1, EV +1)
((You are camouflaged when in or above water. (Stealth+)))
You have tentacles for arms and can constrict up to eight enemies at once.


Message History

There is a stone staircase leading down here.
You climb downwards.
Found a leather armour.
There is a stone staircase leading up here.
There are monsters nearby!
Casting: Call Imp (safe; 4% risk of failure)
Confirm with . or Enter, or press ? or * to list all spells.
A tiny devil pulls itself out of the air.
The kobold shouts!
Casting: Call Imp (safe; 4% risk of failure)
Confirm with . or Enter, or press ? or * to list all spells.
Casting: Summon Small Mammal (safe; 3% risk of failure)
Confirm with . or Enter, or press ? or * to list all spells.
You reach to attack!
You barely miss Edmund.
Your bat closely misses Edmund.
Your cerulean imp hits Edmund but does no damage.
Your quokka closely misses Edmund.
You hit Edmund but do no damage. You grab Edmund.
You squeeze Edmund, but do no damage. You constrict Edmund.
Your quokka bites Edmund.
Your cerulean imp hits Edmund with a -2 spear.
Your bat hits Edmund but does no damage.
Edmund hits you with a +2 flail of holy wrath!
Your quokka bites Edmund.
You hit Edmund.
Edmund is heavily wounded.
You constrict Edmund, but do no damage. Your bat hits Edmund.
Your cerulean imp barely misses Edmund.
Your quokka bites Edmund but does no damage.
Edmund hits you with a +2 flail of holy wrath.
Your cerulean imp hits Edmund but does no damage.
You hit Edmund but do no damage.
Edmund is heavily wounded.
You constrict Edmund.
Your bat barely misses the kobold.
Your quokka bites Edmund but does no damage.
Edmund hits you with a +2 flail of holy wrath!
The kobold hits you with a +0 dagger.
Your cerulean imp hits Edmund but does no damage.
You release your grip on Edmund.
Edmund attacks as you move away!
Edmund hits you with a +2 flail of holy wrath!
You die...

... ..# ..
..# .. ...# #
#. ...#
#.####.##...#
......r.....#
.......@K...#
.....[5@....#
..........b.#
............#
............#
............#
####.####...#
#. ...# ..
...#


You could see Edmund (ally target), a kobold, a friendly cerulean imp
(summoned), a friendly quokka (summoned) and a friendly bat (summoned).

Vanquished Creatures
  Jessica (D:3)
  4 adders
  3 ball pythons
  2 bats
  3 endoplasms
  2 goblins (D:1)
  A hobgoblin (D:2)
  2 jackals (D:2)
  2 kobolds
  A quokka (D:3)
  5 frilled lizards
  5 rats
31 creatures vanquished.

Vanquished Creatures (collateral kills)
  A dart slug (D:1)
  3 endoplasms
  5 hobgoblins
  2 jackals (D:2)
  2 quokkas
  2 ball pythons
  A bat (D:2)
  2 frilled lizards (D:1)
  5 kobolds
  3 rats (D:1)
26 creatures vanquished.

Grand Total: 57 creatures vanquished

Notes
Turn   | Place    | Note
-------+----------+-------------------------------------------
     0 | D:1      | javelincjr the Octopode Summoner began the quest for the
                  | Orb.
     0 | D:1      | Reached XP level 1. HP: 11/11 MP: 3/3
   188 | D:1      | Reached XP level 2. HP: 17/17 MP: 1/5
   433 | D:1      | Learned a level 2 spell: Call Imp
   603 | D:1      | Reached XP level 3. HP: 21/21 MP: 1/6
  1247 | D:2      | Found a shimmering altar of Xom.
  1341 | D:2      | Reached XP level 4. HP: 27/27 MP: 7/7
  1345 | D:2      | Reached skill level 1 in Shields
  2141 | D:3      | Noticed Jessica
  2180 | D:3      | Killed Jessica
  2312 | D:3      | Found a burning altar of Makhleb.
  2711 | D:3      | Found a faded altar of an unknown god.
  2715 | D:3      | Found an ornate altar of the Wu Jian Council.
  2869 | D:3      | Found Bify's General Store.
  2875 | D:3      | Reached XP level 5. HP: 26/31 MP: 9/9
  3024 | D:4      | Noticed Edmund
  3032 | D:4      | Slain by Edmund

Illustrated notes

Levels and vault maps discovered:
D:1:      onia_arrival_handbag, layout_basic, minmay_misc_feat_x
D:2:      layout_basic, serial_forest, infiniplex_forest_zigzag_2,
          infiniplex_forest_zigzag_1, infiniplex_forest_straight_4,
          infiniplex_forest_clump_curved, infiniplex_forest_lined_room_2,
          infiniplex_forest_straight_4, infiniplex_forest_end_2, basic_altar
D:3:      layout_loops_ring, overflow_temple_1_default,
          nicolae_overflow_ecumenical_swirl, serial_shops, shop,
          wander_ebering_terrifying_dragon_lair, uniq_jessica
D:4:      layout_gridville, minmay_temple_entry_stoned_glass, serial_glass,
          glass_columns_a, glass_columns_a, minmay_crystal_room, uniq_edmund,
          uniq_duvessa

Skill      XL: |  1  2  3  4 |
---------------+-------------+-----
Stealth        | 3 4 |  4.0
Shields        | 1 |  1.4
Dodging        | |  2.8
Spellcasting   | |  2.7
Summonings     | |  4.5

Action                     |  1- 3 |  4- 6 || total
---------------------------+-------+-------++-------
  Melee: Unarmed           |     7 |       ||     7
         Tentacles         |    10 |     2 ||    12
         Spear             |    23 |    46 ||    69
         Constrict         |     8 |     7 ||    15
   Cast: Summon Small Mamm |    37 |     9 ||    46
         Call Imp          |    11 |    10 ||    21
   Stab: Sleeping          |     2 |     6 ||     8
         Distracted        |     1 |     1 ||     2
 Armour: Skin              |     2 |       ||     2
  Dodge: Dodged            |    19 |    10 ||    29
  Block: Buckler           |     8 |     2 ||    10
